 Dungeon Sprint DCSS version 0.30-a0-930-gb9d0489357 (webtiles) character file.

Game seed: 9081783412803336176

165 fozzywoppz the Protected (level 5, -7/51 HPs)
             Began as a Minotaur Fighter on Mar 24, 2023.
             Mangled by a fire elemental (10 damage)
             ... summoned by a deep elf pyromancer
             ... in the Dungeon (Sprint III: "The Ten Rune Challenge").
             The game lasted 00:02:27 (311 turns).

fozzywoppz the Protected (Minotaur Fighter)          Turns: 311, Time: 00:02:27

Health: -7/51      AC:  8    Str: 22    XL:     5   Next: 21%
Magic:  4/4        EV:  9    Int:  4    God:
Gold:   32         SH:  5    Dex: 13    Spells: 4/4 levels left

rFire   . . .      SeeInvis .    a - +0 war axe
rCold   + . .      Faith    .    c - +0 buckler
rNeg    . . .      Spirit   .    b - +0 scale mail
rPois   .          Reflect  .    (helmet restricted)
rElec   .          Rampage  .    k - scarf {repulsion}
rCorr   .          NoTele   +    (no gloves)
Will    .....                    (no boots) Stlth
                                 (no amulet)
HPRegen 0.28/turn                (no ring)
MPRegen 0.09/turn                (no ring)

@: on fire, hasted, glowing, repel missiles, very quick
A: horns 2, retaliatory headbutt, agile 1, cold resistance 1, wild magic 1
a: no special abilities


You were in the Dungeon.
You visited 1 branch You collected 32 gold pieces.

Inventory:

Hand Weapons
 a - a +0 war axe (weapon)
Armour
 b - a +0 scale mail (worn)
 c - a +0 buckler (worn)
 k - a scarf of repulsion (worn)
Scrolls
 j - a scroll of blinking
 n - a scroll of poison
 q - a scroll of immolation
Potions
 e - a potion of curing
 g - a potion of haste
 h - 2 potions of magic
 i - a potion of berserk rage
 l - a potion of cancellation
 m - 2 potions of mutation
 p - 3 potions of flight


   Skills:
 + Level 6.7 Fighting
 + Level 6.1 Axes
 * Level 8.9 Armour
 + Level 6.7 Shields


You had 4 spell levels left.
You didn't know any spells.
Your spell library contained the following spells:

 Spells                   Type           Power      Damage    Failure   Level
 Ensorcelled Hibernation  Hex/Ice        0%         N/A       96%         2
 Lesser Beckoning         Tloc           0%         N/A       96%         2
 Passwall                 Tmut/Erth      0%         N/A       96%         2
 Gell's Gravitas          Tloc           0%         N/A       99%         3
 Swiftness                Air            0%         N/A       99%         3
 Teleport Other           Tloc           0%         N/A       99%         3


Dungeon Overview and Level Annotations

Branches:
Dungeon (1/1)

Altars:
Elyvilon
Kikubaaqudgha
Sif Muna
Vehumet
Zin
The Shining One


Innate Abilities, Weirdness & Mutations

You have a pair of horns on your head.
You reflexively headbutt those who attack you in melee.
You are agile. (Dex +4, Str/Int -1)
Your flesh is cold resistant. (rC+)
Your spells are a little harder to cast, but a little more powerful.


Message History

You slash the deep elf pyromancer!
The deep elf pyromancer is heavily wounded.
You barely miss the fire elemental. The fire elemental hits you.
The fire elemental burns you!
The deep elf pyromancer mumbles some strange words.
The deep elf pyromancer blinks!
The fire elemental completely misses you.
You aren't carrying any items that you can evoke.
The deep elf pyromancer casts a spell at you.
You block the sticky flame. The fire elemental barely misses you.
You completely miss the deep elf pyromancer.
The deep elf pyromancer is heavily wounded.
You hit the fire elemental.
The deep elf pyromancer gestures at you while chanting.
The sticky flame hits you!
You are covered in liquid flames!
* * * LOW HITPOINT WARNING * * *
The fire elemental hits you. The fire elemental burns you!
* * * LOW HITPOINT WARNING * * *
The deep elf pyromancer hits you with a +1 long sword of holy wrath.
* * * LOW HITPOINT WARNING * * *
You feel much better.
You are covered in liquid flames!
The fire elemental barely misses you. You furiously retaliate!
You headbutt the fire elemental!
The deep elf pyromancer gestures at you while chanting.
The sticky flame hits you!
You are covered in liquid flames!
* * * LOW HITPOINT WARNING * * *
You are covered in liquid flames!
* * * LOW HITPOINT WARNING * * *
The fire elemental hits you. The fire elemental burns you!
* * * LOW HITPOINT WARNING * * *
The deep elf pyromancer casts a spell.
Unknown command.
You feel yourself speed up.
You are covered in liquid flames!
* * * LOW HITPOINT WARNING * * *
The fire elemental hits you. The fire elemental burns you!
You die...

▓ ▓▓▓ #### ##.#####
...#####..#___#
....#..#..#!.°#
#...#..#..###'#+###+##
##..##'#..#...○.e....#
##..###...'.⌠.EE@....#
#..####...#...######+#
#..###....#.⌠.#
...##.....#)..#
...#†.....#'###
.##.#.....#.).#
.#####....#___# ▓▓
▓▓▓▓▓▓▓▓▓▓


You could see a deep elf pyromancer and 2 fire elementals.

Vanquished Creatures
  A water elemental (D)
  A wizard (D)
  Jessica (D)
  A human (D)
  A kobold demonologist (D)
  A wolf (D)
  An endoplasm (D)
  A rat (D)
8 creatures vanquished.

Notes
Turn   | Place    | Note
-------+----------+-------------------------------------------
     0 | D        | fozzywoppz the Minotaur Fighter began the quest for the
                  | Orb.
     0 | D        | Reached XP level 1. HP: 19/19 MP: 0/0
    10 | D        | Reached skill level 4 in Armour
    32 | D        | Noticed Jessica
    37 | D        | Killed Jessica
    38 | D        | Reached skill level 5 in Armour
    38 | D        | Reached XP level 2. HP: 23/28 MP: 1/1
    74 | D        | Reached skill level 5 in Fighting
    74 | D        | Reached skill level 6 in Armour
    74 | D        | Reached skill level 5 in Shields
    74 | D        | Reached XP level 3. HP: 36/36 MP: 2/2
   171 | D        | Gained mutation: You are agile. (Dex +4, Str/Int -1)
                  | [potion of mutation]
   171 | D        | Gained mutation: Your flesh is cold resistant. (rC+)
                  | [potion of mutation]
   171 | D        | Gained mutation: Your spells are a little harder to cast,
                  | but a little more powerful. [potion of mutation]
   173 | D        | Noticed a water elemental
   176 | D        | Killed a water elemental
   177 | D        | Reached skill level 5 in Axes
   177 | D        | Reached skill level 8 in Armour
   177 | D        | Reached XP level 4. HP: 24/44 MP: 3/3
   182 | D        | Found a radiant altar of Vehumet.
   182 | D        | Found a shimmering blue altar of Sif Muna.
   182 | D        | Found an ancient bone altar of Kikubaaqudgha.
   182 | D        | Noticed a wizard
   186 | D        | Reached XP level 5. HP: 31/51 MP: 4/4
   298 | D        | Found a glowing silver altar of Zin.
   298 | D        | Found a glowing golden altar of the Shining One.
   298 | D        | Found a white marble altar of Elyvilon.
   299 | D        | Noticed a deep elf pyromancer
   302 | D        | Noticed a fire elemental
   311 | D        | Noticed a fire elemental
   311 | D        | Mangled by a fire elemental

Illustrated notes

Levels and vault maps discovered:
D:        dungeon_sprint_mu [sprint_mu_entry_cave, sprint_mu_temple_rooms,
          sprint_mu_d1_horrors, sprint_mu_d2_genie, sprint_mu_d3_branching,
          sprint_mu_orc_legion, sprint_mu_elf_gauntlet, sprint_mu_hive_nellie,
          sprint_mu_lair_fedhas, sprint_mu_vaults_butterflies,
          sprint_mu_slime_circle, sprint_mu_swamp_cave, sprint_mu_snake_twists,
          sprint_mu_blade_basic, sprint_mu_crypt_chambers,
          sprint_mu_tomb_spiral, sprint_mu_vestibule_basic,
          sprint_mu_gehenna_hellfire, sprint_mu_dis_giant,
          sprint_mu_tartarus_statrot, sprint_mu_cocytus_islands, sprint_mu_zot1]

Skill      XL: |  1  2  3  4  5 |
---------------+----------------+-----
Armour         | 5 6 8 |  8.9
Fighting       | 4 5 6 |  6.7
Axes           | 3 4 5 6 |  6.1
Shields        | 4 5 6 |  6.7

Action                     |  1- 3 |  4- 6 || total
---------------------------+-------+-------++-------
  Melee: War axe           |    15 |    16 ||    31
         Headbutt          |     2 |     3 ||     5
    Use: Scroll            |     4 |       ||     4
         Potion            |     2 |     2 ||     4
 Armour: Scale mail        |     4 |     6 ||    10
  Dodge: Dodged            |     5 |     4 ||     9
  Block: Buckler           |     2 |     3 ||     5

Table legend: (Time is in decaauts)
 A = Elapsed time spent in this place.
 B = Non-inter-level travel time spent in this place.
 C = Inter-level travel time spent in this place.
 D = Time resting spent in this place.
 E = Time spent auto-exploring this place.
 F = Levels seen in this place.
 G = Mean time per level.
                   A        B        C        D        E       F      G
               +--------+--------+--------+--------+--------+-----+--------+
         Total |    320 |    320 |      0 |    156 |      0 |   1 |  320.0 |
       Dungeon |    320 |    320 |      0 |    156 |      0 |   1 |  320.0 |
               +--------+--------+--------+--------+--------+-----+--------+

Top non-repeatable levels by time:
       D: 320 daAuts
